 Dungeon Crawl Stone Soup version 0.31-a0-1511-g961fd35ebc (webtiles) character file.

Game seed: 8018898338712382809

1075 Querens the Shield-Bearer (level 8, -7/64 HPs)
             Began as a Formicid Fighter on Dec 30, 2023.
             Mangled by an ogre
             ... wielding a +0 giant club
              (17 damage)
             ... on level 6 of the Dungeon.
             The game lasted 00:10:55 (3309 turns).

Querens the Shield-Bearer (Formicid Fighter)        Turns: 3309, Time: 00:10:56

Health: -7/64      AC: 16    Str: 23    XL:     8   Next: 54%
Magic:  0/8        EV:  6    Int:  8    God:
Gold:   241        SH:  5    Dex: 13    Spells: 7/7 levels left

rFire   . . .        a - +0 war axe
rCold   . . .        c - +0 buckler
rNeg    . . .        y - +0 plate armour
rPois   .            (helmet unavailable)
rElec   .            s - +1 cloak
rCorr   .            q - +0 pair of gloves
SInv    +            (no boots)
Will    .....        o - amulet of guardian spirit Stlth
                     (no ring)
HPRegen 0.30/turn    (no ring)
MPRegen 0.11/turn

%: guardian spirit
@: no status effects
A: permanent stasis, dig shafts and tunnels, antennae 3, four strong arms
a: Dig, Shaft Self


You were on level 6 of the Dungeon.
You visited 1 branch of the dungeon, and saw 6 of its levels.

You collected 241 gold pieces.

Inventory:

Hand Weapons
 a - a +0 war axe (weapon)
 n - a +0 battleaxe
Armour
 c - a +0 buckler (worn)
 q - a +0 pair of gloves (worn)
 s - a +1 cloak (worn)
 y - a +0 plate armour (worn)
Jewellery
 h - a ring of ice
 o - an amulet of guardian spirit (around neck)
Talismans
 v - a maw talisman
Wands
 z - a wand of iceblast (12)
Scrolls
 e - 2 scrolls of teleportation {unknown}
 g - 2 scrolls of blinking {unknown}
 k - 4 scrolls of identify
 l - a scroll of fog {unknown}
 m - a scroll of enchant armour {unknown}
 u - a scroll of fear {unknown}
 w - a scroll of noise {unknown}
 x - 2 scrolls of enchant weapon {unknown}
 A - a scroll of immolation {unknown}
 B - a scroll of brand weapon {unknown}
 C - a scroll of poison {unknown}
Potions
 b - a potion of berserk rage {unknown}
 d - a potion of might
 f - 2 potions of degeneration {unknown}
 i - 3 potions of curing
 j - a potion of ambrosia {unknown}
 p - 2 potions of heal wounds
 r - 2 potions of mutation {unknown}
 t - a potion of haste {unknown}


   Skills:
 + Level 5.7 Fighting
 * Level 6.1 Axes
 + Level 5.7 Armour
 + Level 6.9 Shields


You had 7 spell levels left.
You didn't know any spells.
Your spell library contained the following spells:

 Spells                   Type           Power      Damage    Failure   Level
 Apportation              Tloc           0%         N/A       100%        1
 Necrotise                Necr           0%         1d4       100%        1
 Sting                    Conj/Alch      0%         1d3       100%        1
 Summon Small Mammal      Summ           0%         N/A       100%        1
 Call Imp                 Summ           0%         N/A       100%        2
 Sublimation of Blood     Necr           0%         N/A       100%        2
 Dazzling Flash           Conj/Hex       0%         N/A       100%        3
 Volatile Blastmotes      Fire/Tloc      0%         2d10      100%        3
 Starburst                Conj/Fire      0%         6d3       100%        6
 Summon Hydra             Summ           0%         N/A       100%        7
 Maxwell's Capacitive Co  Air            0%         ∞         100%        8


Dungeon Overview and Level Annotations

Branches:
Dungeon (6/15)
 Temple: D:4-7

Altars:
Ashenzari
Nemelex Xobeh
Xom

Shops:
D:5 (


Innate Abilities, Weirdness & Mutations

You cannot be hasted, slowed, berserked, paralysed or teleported.
You can dig through walls and to a lower floor.
You have a pair of large antennae on your head. (SInv)
Your four strong arms can wield two-handed weapons with a shield.


Message History

The bullfrog hits you. x2
You barely miss the bullfrog.
The bullfrog is severely wounded.
The bullfrog barely misses you. You block the bullfrog's attack.
You slash the bullfrog!
You kill the bullfrog!
The white imp gestures at you. You block the puff of frost.
The white imp gestures at you.
The puff of frost hits you but does no damage.
You block the white imp's attack.
You hit the white imp.
The white imp is moderately wounded.
The white imp hits you. The white imp freezes you.
You slash the white imp!
You kill the white imp!
No target in view!
No target in view!
An ogre comes into view. It is wielding a +0 giant club.
The ogre hits you with a +0 giant club!!
You slash the ogre!
The ogre is moderately wounded.
The ogre hits you with a +0 giant club!!
* * * LOW HITPOINT WARNING * * *
You hit the ogre but do no damage.
The ogre is moderately wounded.
The ogre hits you with a +0 giant club!
* * * LOW HITPOINT WARNING * * *
You slash the ogre!
The ogre is severely wounded.
The ogre hits you with a +0 giant club.
* * * LOW HITPOINT WARNING * * *
Unknown command.
Okay, then.
Found a robe and a scroll labelled KAPROY SIFEUC.
You block the ogre's attack.
You barely miss the ogre.
The ogre is severely wounded.
The ogre hits you with a +0 giant club!!
You die...

################.....#
#................#'###
#................#†...
#................#....
#................#....
#................#....
#................##+##
#.....#####........
#...O@# #.........
#.....# #..........
#.....# #..........
#.....# #.....#
#...... #......
#.?.[..


You could see an ogre.

Vanquished Creatures
  2 black bears (D:5)
  A bullfrog (D:6)
  A scorpion (D:5)
  A howler monkey (D:5)
  A bombardier beetle (D:4)
  4 hounds
  5 jellies
  An orc priest (D:4)
  Crazy Yiuf (D:2)
  3 iguanas
  An orc wizard (D:4)
  A sleepcap (D:4)
  Ijyb (D:5)
  3 gnolls (D:2)
  8 adders
  A white imp (D:6)
  4 dart slugs
  A ribbon worm (D:4)
  10 orcs
  6 ball pythons
  4 endoplasms
  2 giant cockroaches
  12 hobgoblins
  3 jackals
  7 kobolds
  9 quokkas
  2 bats (D:3)
  3 frilled lizards
  6 goblins
  3 rats
107 creatures vanquished.

Notes
Turn   | Place    | Note
-------+----------+-------------------------------------------
     0 | D:1      | Querens the Formicid Fighter began the quest for the Orb.
     0 | D:1      | Reached XP level 1. HP: 18/18 MP: 1/1
   177 | D:1      | Reached XP level 2. HP: 24/24 MP: 2/2
   305 | D:1      | Reached XP level 3. HP: 27/29 MP: 3/3
   706 | D:2      | Reached XP level 4. HP: 26/37 MP: 1/4
   871 | D:2      | Found a runed translucent door.
   872 | D:2      | Noticed Crazy Yiuf
   879 | D:2      | Killed Crazy Yiuf
   879 | D:2      | HP: 1/37 [poisoned by Crazy Yiuf]
   880 | D:2      | Reached XP level 5. HP: 2/42 MP: 0/5
  1314 | D:3      | Reached skill level 5 in Shields
  1474 | D:3      | Reached XP level 6. HP: 48/48 MP: 6/6
  2012 | D:4      | Reached XP level 7. HP: 35/55 MP: 5/7
  2069 | D:4      | Found a sparkling altar of Nemelex Xobeh.
  2074 | D:4      | Found a shimmering altar of Xom.
  2282 | D:4      | Found a broken altar of Ashenzari.
  2462 | D:5      | Entered Level 5 of the Dungeon
  2561 | D:5      | Reached skill level 5 in Fighting
  2561 | D:5      | Reached skill level 5 in Armour
  2563 | D:5      | Reached skill level 5 in Axes
  2637 | D:5      | Reached XP level 8. HP: 11/62 MP: 3/8
  2851 | D:5      | Noticed Ijyb
  2861 | D:5      | Killed Ijyb
  3059 | D:5      | Found Afarch's Weapon Boutique.
  3309 | D:6      | Mangled by an ogre

Illustrated notes

Levels and vault maps discovered:
D:1:      doesnt_arrival_eight_statues, layout_basic
D:2:      layout_loops_cross, uniq_crazy_yiuf_cottage
D:3:      layout_loops_ring, st_stairs_2
D:4:      layout_loops_ring, ashenzari_altar_1, amethyst_overflow_temple_binary,
          minmay_pentomino_pile
D:5:      layout_basic, serial_shops, shop, uniq_duvessa, uniq_ijyb
D:6:      kennysheep_six_static_rooms, layout_gridville, uniq_maggie

Skill      XL: |  1  2  3  4  5  6  7  8 |
---------------+-------------------------+-----
Fighting       | 4 5 |  5.7
Axes           | 3 4 5 6 |  6.1
Armour         | 4 5 |  5.7
Shields        | 5 6 |  6.9

Action                     |  1- 3 |  4- 6 |  7- 9 || total
---------------------------+-------+-------+-------++-------
  Melee: War axe           |    61 |   153 |   124 ||   338
Ability: Dig               |       |       |     2 ||     2
  Evoke: Wand              |       |       |     1 ||     1
    Use: Potion            |       |     1 |       ||     1
         Scroll            |       |       |     1 ||     1
 Armour: Scale mail        |    45 |    97 |       ||   142
         Plate armour      |       |    12 |   187 ||   199
  Dodge: Dodged            |    24 |    64 |    49 ||   137
  Block: Buckler           |    10 |    39 |    36 ||    85

Table legend: (Time is in decaauts)
 A = Elapsed time spent in this place.
 B = Non-inter-level travel time spent in this place.
 C = Inter-level travel time spent in this place.
 D = Time resting spent in this place.
 E = Time spent auto-exploring this place.
 F = Levels seen in this place.
 G = Mean time per level.
                   A        B        C        D        E       F      G
               +--------+--------+--------+--------+--------+-----+--------+
         Total |   3418 |   3177 |    241 |      0 |     11 |   6 |  569.7 |
       Dungeon |   3418 |   3177 |    241 |      0 |     11 |   6 |  569.7 |
               +--------+--------+--------+--------+--------+-----+--------+

Top non-repeatable levels by time:
     D:5: 801 daAuts
     D:2: 687 daAuts
     D:4: 673 daAuts
     D:3: 609 daAuts
     D:1: 576 daAuts
     D:6: 71 daAuts
